 Dungeon Crawl Stone Soup version 0.27-a0-1416-g941b2bd30b (webtiles) character file.

Game seed: 17516714947233954394

2447 Brandom the Skirmisher (level 9, -8/75 HPs)
             Began as an Octopode Transmuter on July 1, 2021.
             Was an Initiate of Gozag.
             Killed from afar by Harold (18 damage)
             ... with a harpoon shot
             ... on level 7 of the Dungeon.
             The game lasted 00:25:48 (9514 turns).

Brandom the Skirmisher (Octopode Transmuter)        Turns: 9514, Time: 00:25:49

Health: -8/75      AC:  7    Str:  9    XL:     9   Next: 49%
Magic:  9/16       EV: 10    Int: 19    God:    Gozag
Gold:   587        SH:  0    Dex: 12    Spells: 6/17 levels left

rFire    . . .     SeeInvis .     - Unarmed
rCold    + + +     Faith    .   (shield currently unavailable)
rNeg     . . .     Spirit   .   (helmet currently unavailable)
rPois    +         Reflect  .   (no amulet)
rElec    .         Harm     .   i - ring of protection from fire
rCorr    +         Rampage  .   h - +4 ring of evasion
Will     .....                  n - ring of flight
Stlth    +.........             u - ring of resist corrosion
HPRegen  0.22/turn              (no ring)
MPRegen  0.15/turn              (no ring)
                                (no ring)
                                (no ring)

@: ice-form, marked, flying, held
A: freezing attack, boosted hp, almost no armour, amphibious, 8 rings, large,
(camouflage 1), (gelatinous body 1), (nimble swimmer 1), (tentacles)
a: End Transformation, Renounce Religion, Potion Petition, Call Merchant, Bribe
Branch


You were on level 7 of the Dungeon.
You worshipped Gozag.
Gozag was pleased with you.
You were a creature of crystalline ice.
You visited 1 branch of the dungeon, and saw 7 of its levels.

You collected 1337 gold pieces.
You spent 256 gold pieces at shops.
You paid 494 gold pieces to Gozag.

Inventory:

Hand Weapons
 t - the +7 hand axe of Kympi {freeze, +Rage rF+ Str+4 Int+3}
   (You found it on level 6 of the Dungeon)

   It has been specially enchanted to freeze those struck by it, causing extra
   injury to most foes and up to half again as much damage against particularly
   susceptible opponents.
   It can also slow down cold-blooded creatures.
   Str:       It affects your strength (+4).
   Int:       It affects your intelligence (+3).
   rF:        It protects you from fire.
   +Rage:     It lets you go berserk.
 v - a +0 halberd of flaming
   (You took it off Maggie on level 7 of the Dungeon)
Jewellery
 h - a +4 ring of evasion (right front paw)
   (You bought it in a shop on level 4 of the Dungeon)
 i - a ring of protection from fire (left front paw)
   (You found it on level 4 of the Dungeon)
 n - a ring of flight (on tentacle)
   (You took it off an orc on level 4 of the Dungeon)
 u - a ring of resist corrosion (on tentacle)
   (You found it on level 6 of the Dungeon)
Wands
 d - a wand of iceblast (8)
   (You found it on level 5 of the Dungeon)
Scrolls
 c - a scroll of amnesia
 e - 4 scrolls of blinking
 g - a scroll of acquirement {unknown}
 o - a scroll of vulnerability {unknown}
 p - 2 scrolls of teleportation {@r4}
 q - a scroll of enchant armour {unknown}
 s - a scroll of torment {!r}
Potions
 a - a potion of invisibility
 b - a potion of flight
 f - 2 potions of lignification {!q}
 j - a potion of curing {@q1}
 k - a potion of brilliance {unknown}
 l - a potion of resistance
 m - 2 potions of attraction {unknown}
 r - 3 potions of haste {unknown}


   Skills:
 * Level 6.8 Fighting
 + Level 5.2 Dodging
 + Level 5.5 Unarmed Combat
 + Level 4.6 Spellcasting
 + Level 5.0 Transmutations
 + Level 3.6 Ice Magic
 - Level 2.0 Poison Magic


You had 6 spell levels left.
You knew the following spells:

 Your Spells              Type           Power      Damage    Failure   Level
a - Beastly Appendage     Tmut           46%        N/A       1%          1
b - Ice Form              Ice/Tmut       21%        N/A       22%         4
c - Frozen Ramparts       Ice            36%        1d5       9%          3
x - Spider Form           Tmut/Pois      8%         N/A       9%          3

Your spell library contained the following spells:

 Spells                   Type           Power      Damage    Failure   Level
 Wereblood                Tmut           23%        N/A       2%          2
 Animate Skeleton         Necr           8%         N/A       13%         1
 Apportation              Tloc           8%         N/A       13%         1
 Corona                   Hex            4%         N/A       13%         1
 Shock                    Conj/Air       16%        1d4       13%         1
 Summon Small Mammal      Summ           16%        N/A       13%         1
 Poisonous Vapours        Pois/Air       16%        N/A       13%         2
 Ignite Poison            Fire/Tmut/Pois 13%        N/A       14%         3
 Slow                     Hex            4%         N/A       19%         2
 Mephitic Cloud           Conj/Pois/Air  6%         N/A       28%         3
 Stone Arrow              Conj/Erth      8%         3d7       36%         3
 Swiftness                Air            4%         N/A       36%         3
 Vampiric Draining        Necr           2%         2d6       36%         3
 Petrify                  Tmut/Erth      14%        N/A       41%         4
 Summon Ice Beast         Ice/Summ       11%        N/A       52%         4
 Airstrike                Air            2%         N/A       77%         4
 Freezing Cloud           Conj/Ice/Air   4%         6-21      91%         5
 Bolt of Magma            Conj/Fire/Erth 2%         4d4       98%         5
 Summon Forest            Summ/Tloc      2%         N/A       98%         5
 Eringya's Noxious Bog    Tmut/Pois      8%         N/A       99%         6
 Summon Hydra             Summ           2%         N/A       100%        7
 Shatter                  Erth           2%         3d6*      100%        9


Dungeon Overview and Level Annotations

Branches:
Dungeon (7/15)             Temple (0/1) D:4

Altars:
Elyvilon
Gozag

Shops:
D:4 **

Annotations:
D:7 Harold


Innate Abilities, Weirdness & Mutations

You are a creature of crystalline ice.
You have a powerful freezing melee attack.
Your maximum health is increased.
Your armour is entirely melded.
You are incapable of wielding weapons or throwing items.
You cannot wear most types of armour.
You are amphibious.
You can wear up to eight rings at the same time.
((Your skin changes colour to match your surroundings (Stealth+).))
((Your rubbery body absorbs attacks. (AC +1, EV +1)))
((You are camouflaged near water. (Stealth+)))
((You have tentacles for arms and can constrict up to eight enemies at once.))


Message History

No target in view!
No target in view!
Harold is nearby!
Harold is nearby!
You see here 6 gold pieces.
The floor.
Unknown command.
The spell is quite dangerous to cast (22% risk of failure)!
Continue anyway?
You turn into a creature of crystalline ice.
Harold shouts!
Okay, then.
Okay, then.
You miscast Frozen Ramparts.
You are very lightly contaminated with residual magic.
Nothing appears to happen.
Harold throws a throwing net.
The throwing net hits you.
You become entangled in the net!
The walls around you are covered in ice.
Harold resists.
The wall freezes Harold.
You struggle against the net.
Harold resists.
The wall freezes Harold.
Harold hits you with a +0 battleaxe!
You struggle against the net.
Harold resists.
The wall freezes Harold.
Harold hits you with a +0 battleaxe!!
* * * LOW HITPOINT WARNING * * *
You struggle against the net.
Harold resists.
The wall freezes Harold.
Harold hits you with a +0 battleaxe!
* * * LOW HITPOINT WARNING * * *
You struggle against the net.
Harold completely resists.
The wall freezes Harold but does no damage.
Harold closely misses you.
You rip the net and break free!
Harold resists.
The wall freezes Harold.
Harold hits you with a +0 battleaxe!
* * * LOW HITPOINT WARNING * * *
Your frozen ramparts will break if you move.
Continue?
The frozen ramparts melt away as you move.
Your magical contamination has completely faded away.
Harold throws a throwing net.
The throwing net barely misses you. Harold casts a spell at you.
A sentinel's mark forms upon you.
Harold throws a throwing net.
The throwing net hits you.
You become entangled in the net!
Things that are here:
a throwing net {!f}; a throwing net {!f} You tear a large gash into the net.
Harold fires a harpoon shot at you.
The harpoon shot hits you but does no damage.
You struggle against the net.
Harold fires a harpoon shot at you. The harpoon shot hits you!!
You die...
Your body crumbles into a pile of gold.

..........................
.##..#..........##......>.
#####.....................###..
........#......<...#$...#......
#.....#.#........#@.....#.....
...##................####.....
...##........###[............#
.....^.......# #......!....
.............###Y..........
..............##...........
###.....≈≈≈≈≈...........#..
..#...≈≈≈≈≈≈≈≈≈............
.....#≈≈≈≈≈≈≈≈≈#...........
...#.
.....##≈≈≈≈≈####.........##
..#.
....#.##≈≈≈≈#.#.#.........+ .z.
...≈##.##≈≈≈#..##≈......### #..
...≈≈##.#≈≈≈#...#≈.#.....# #..


You could see Harold.

Vanquished Creatures
  Maggie (D:7)
  A troll (D:6)
  Menkaure (D:7)
  A black bear (D:5)
  An ice beast (D:7)
  3 ogres
  3 necrophages
  A bullfrog (D:7)
  3 scorpions
  2 water moccasin skeletons
  A wight (D:6)
  2 centaur zombies (D:6)
  An orc priest (D:6)
  2 centaur skeletons
  4 hounds
  A bullfrog skeleton (D:5)
  Jessica (D:3)
  Natasha (thrice) (D:3)
  5 iguanas
  4 orc wizards
  A howler monkey skeleton (D:6)
  3 adders
  10 river rats (D:5)
  A shadow imp (D:7)
  2 white imps
  5 worms
  3 dart slugs
  9 orcs
  6 endoplasms
  4 giant cockroaches
  5 goblins
  3 hobgoblins
  4 kobolds
  9 quokkas
  4 ball pythons
  6 bats
  2 frilled lizards
  19 rats
137 creatures vanquished.

Vanquished Creatures (others)
  An orc wizard (D:3)
1 creature vanquished.

Grand Total: 138 creatures vanquished

Notes
Turn   | Place    | Note
-------+----------+-------------------------------------------
     0 | D:1      | Brandom the Octopode Transmuter began the quest for the
                  | Orb.
     0 | D:1      | Reached XP level 1. HP: 13/13 MP: 3/3
   539 | D:1      | Reached XP level 2. HP: 18/18 MP: 5/5
   598 | D:1      | Found a faded altar of an unknown god.
   608 | D:1      | Became a worshipper of Gozag Ym Sagoz the Greedy
  1690 | D:2      | Reached XP level 3. HP: 20/24 MP: 6/6
  2088 | D:2      | Reached skill level 2 in Fighting
  2708 | D:3      | Reached XP level 4. HP: 29/29 MP: 5/7
  2712 | D:3      | Learned a level 3 spell: Spider Form
  2812 | D:3      | Noticed Natasha
  2820 | D:3      | Killed Natasha
  3043 | D:3      | Noticed Jessica
  3075 | D:3      | HP: 1/30 [Jessica/nerve-wracking pain (12)]
  3505 | D:3      | Killed Jessica
  3506 | D:3      | Reached XP level 5. HP: 26/35 MP: 6/8
  3663 | D:3      | Noticed Natasha
  3671 | D:3      | Killed Natasha
  3672 | D:3      | Reached skill level 1 in Poison Magic
  3767 | D:3      | Reached skill level 3 in Fighting
  4019 | D:3      | Noticed Natasha
  4027 | D:3      | Killed Natasha
  4028 | D:3      | Reached XP level 6. HP: 19/42 MP: 8/10
  4343 | D:4      | Found Taoheatiz's Assorted Antiques.
  4394 | D:4      | Bought a blackened cabochon ring for 120 gold pieces
  4579 | D:4      | Learned a level 4 spell: Ice Form
  4637 | D:4      | Reached XP level 7. HP: 28/47 MP: 11/11
  4772 | D:4      | Found Jukkulo's General Store.
  4780 | D:4      | Reached skill level 4 in Fighting
  4813 | D:4      | Bought a scroll of blinking for 97 gold pieces
  4813 | D:4      | Bought a scroll of teleportation for 39 gold pieces
  5069 | D:4      | Found a staircase to the Ecumenical Temple.
  5105 | D:5      | Entered Level 5 of the Dungeon
  5314 | D:5      | Reached skill level 1 in Ice Magic
  5832 | D:5      | Reached XP level 8. HP: 50/54 MP: 13/13
  5927 | D:4      | Reached skill level 5 in Fighting
  6958 | D:6      | Identified the +7 hand axe of Kympi {freeze, +Rage rF+
                  | Str+4 Int+3}
  7111 | D:6      | Found a white marble altar of Elyvilon.
  7183 | D:6      | Learned a level 3 spell: Frozen Ramparts
  7607 | D:6      | Noticed a troll
  7618 | D:6      | Reached skill level 5 in Unarmed Combat
  7717 | D:6      | Killed a troll
  7718 | D:6      | Reached skill level 6 in Fighting
  7718 | D:6      | Reached XP level 9. HP: 52/62 MP: 5/15
  8932 | D:7      | Reached skill level 5 in Dodging
  9000 | D:7      | Noticed Harold
  9042 | D:7      | Noticed Menkaure
  9194 | D:7      | Killed Menkaure
  9195 | D:7      | Noticed Maggie
  9427 | D:7      | Killed Maggie
  9428 | D:7      | Reached skill level 5 in Transmutations
  9514 | D:7      | Killed from afar by Harold

Illustrated notes

Levels and vault maps discovered:
D:1:      kilobyte_arrival_exit_the_forest, layout_rooms,
          chequers_ecumenical_altar_simple_redux
D:2:      layout_basic
D:3:      layout_basic, uniq_jessica, uniq_natasha
D:4:      layout_rooms, minmay_temple_entry_crystal_x, serial_shops,
          nicolae_inconvenience_store, nicolae_shop_stone, st_stairs_2,
          minmay_hedge_maze
D:5:      lemuel_ratsnest, layout_basic
D:6:      minmay_chambers_of_fours, layout_gridville,
          nicolae_elyvilon_peaceful_grove, chequers_serial_rivers_micro_e
D:7:      minmay_cornered_nines, layout_basic,
          amcnicky_mini_rare_corridor_liquid, grunt_decor_junction,
          uniq_menkaure, uniq_harold, uniq_maggie

Skill      XL: |  1  2  3  4  5  6  7  8  9 |
---------------+----------------------------+-----
Fighting       | 2 3 4 6 |  6.8
Poison Magic   | 1 2 |  2.0
Dodging        | 3 4 5 |  5.2
Transmutations | 3 4 5 |  5.0
Spellcasting   | 3 4 |  4.6
Unarmed Combat | 4 5 |  5.5
Ice Magic      | 1 3 |  3.6

Action                   |  1- 3 |  4- 6 |  7- 9 || total
-------------------------+-------+-------+-------++-------
Melee: Unarmed           |    83 |    94 |   302 ||   479
       Tentacles         |    21 |    11 |    47 ||    79
       Constrict         |    19 |    14 |    52 ||    85
       Kick              |     4 |     9 |    26 ||    39
       Punch             |       |     3 |    13 ||    16
 Cast: Beastly Appendage |     3 |     7 |    14 ||    24
       Spider Form       |       |     3 |     3 ||     6
       Ice Form          |       |       |     6 ||     6
       Frozen Ramparts   |       |       |     2 ||     2
Invok: Potion Petition   |       |     1 |     1 ||     2
  Use: Scroll            |       |     6 |     2 ||     8
       Potion            |       |       |     1 ||     1
 Stab: Sleeping          |     7 |     6 |     4 ||    17
       Distracted        |       |       |     1 ||     1
Armor: Skin              |    10 |     8 |    10 ||    28
Dodge: Dodged            |    41 |    54 |   229 ||   324

Table legend: (Time is in decaauts)
 A = Elapsed time spent in this place.
 B = Non-inter-level travel time spent in this place.
 C = Inter-level travel time spent in this place.
 D = Time resting spent in this place.
 E = Time spent auto-exploring this place.
 F = Levels seen in this place.
 G = Mean time per level.
                   A        B        C        D        E       F      G
               +--------+--------+--------+--------+--------+-----+--------+
         Total |   9480 |   9375 |    105 |   1356 |   6381 |   7 | 1354.3 |
       Dungeon |   9480 |   9375 |    105 |   1356 |   6381 |   7 | 1354.3 |
               +--------+--------+--------+--------+--------+-----+--------+

Top non-repeatable levels by time:
     D:6: 2004 daAuts
     D:5: 1759 daAuts
     D:2: 1595 daAuts
     D:3: 1374 daAuts
     D:1: 1348 daAuts
     D:4: 994 daAuts
     D:7: 403 daAuts
